 Dungeon Crawl Stone Soup version 0.29.1-12-g30fa7ad0bf (webtiles) character file.

Game seed: 8418737778030672596

14 wingedge the Sneak (level 2, -1/25 HPs)
             Began as a Demigod Delver on Dec 21, 2022.
             Slain by a phantom (6 damage)
             ... in the Ecumenical Temple.
             The game lasted 00:03:12 (988 turns).

wingedge the Sneak (Demigod Delver)                  Turns: 988, Time: 00:03:14

Health: -1/25      AC:  3    Str: 13    XL:     2   Next: 15%
Magic:  4/4        EV: 12    Int: 12    God:
Gold:   14         SH:  0    Dex: 15    Spells: 1/1 levels left

rFire   . . .      SeeInvis .   a - +0 spear
rCold   . . .      Faith    .   (no shield)
rNeg    . . .      Spirit   .   b - +0 leather armour
rPois   .          Reflect  .   (no helmet)
rElec   .          Harm     .   (no cloak)
rCorr   .          Rampage  .   (no gloves)
Will    .....                   (no boots)
Stlth   +++.......              (no amulet)
HPRegen 0.08/turn               (no ring)
MPRegen 0.09/turn               (no ring)

@: no status effects
A: high MP 1, forlorn, divine attributes
a: no special abilities


You were in the Ecumenical Temple.
You visited 2 branches of the dungeon, and saw 2 of its levels.

You collected 14 gold pieces.

Inventory:

Hand Weapons
 a - a +0 spear (weapon)
Armour
 b - a +0 leather armour (worn)
Wands
 g - a wand of digging (2)


   Skills:
 + Level 2.9 Fighting
 - Level 2.0 Polearms
 + Level 2.0 Dodging
 + Level 4.6 Stealth


You had one spell level left.
You didn't know any spells.
Your spell library was empty.

Dungeon Overview and Level Annotations

Branches:
Dungeon (5/15)             Temple (1/1) D:5


Innate Abilities, Weirdness & Mutations

You have an increased reservoir of magic. (+10% MP)
You shall have no god before yourself.
Your divine heritage dramatically boosts your attributes as you level up.


Message History

You have reached level 2!
You start resting.
HP restored.
You start waiting.
Done waiting.
You start waiting.
Done waiting.
You climb upwards.
The phantom hits you.
There is a staircase to the Ecumenical Temple, spattered with blood here.
The phantom hits you but does no damage.
You climb downwards.
Welcome back to the Ecumenical Temple!
There is a staircase back to the Dungeon here.
You miss the phantom.
The phantom hits you but does no damage.
You hit the phantom but do no damage. The phantom hits you.
The phantom blinks!
You blink.
You hit the phantom.
The phantom is lightly damaged.
The phantom closely misses you.
You hit the phantom but do no damage.
The phantom is lightly damaged.
The phantom hits you.
You closely miss the phantom.
The phantom is lightly damaged.
The phantom closely misses you.
You hit the phantom.
The phantom is moderately damaged.
The phantom hits you.
The phantom blinks!
You blink.
You hit the phantom.
The phantom is moderately damaged.
The phantom hits you.
* * * LOW HITPOINT WARNING * * *
The phantom blinks!
You blink.
You barely miss the phantom.
The phantom is moderately damaged.
The phantom hits you but does no damage.
You hit the phantom.
The phantom is heavily damaged.
The phantom hits you.
You die...

♣♣ ♣♣♣.....♣♣♣ ♣♣....._...♣♣
.♣ ♣♣♣.♣♣♣ ♣...........♣ .♣
♣♣.♣♣ ♣.._..#.....♣
.♣♣♣♣♣♣...♣♣♣♣♣♣...........♣
♣...♣♣...).♣♣...♣......_..♣♣
♣♣♣♣....<....♣♣♣♣♣♣......♣♣
♣♣♣.....♣♣♣ ♣♣♣♣♣♣♣♣
♣♣♣♣♣♣♣...♣♣♣♣♣♣♣♣♣♣
....♣..♣♣♣..♣...@..♣♣♣
..⌠..♣♣♣ ♣♣♣..⌠.W....♣♣
......♣ ♣...........♣
⌠.....♣ ♣....§⌠..._.♣
......♣ ♣...........♣
._...♣♣ ♣♣..._.....♣♣ ...♣♣♣
♣♣♣.....♣♣♣ ♣♣♣♣ ♣♣♣♣♣♣♣


You could see a phantom.

Vanquished Creatures
  A gnoll (Temple)
  2 orcs (D:5)
3 creatures vanquished.

Notes
Turn   | Place    | Note
-------+----------+-------------------------------------------
     0 | D:5      | wingedge the Demigod Delver began the quest for the Orb.
     0 | D:5      | Reached XP level 1. HP: 18/18 MP: 3/3
   100 | D:5      | Noticed an orc wizard
   232 | D:5      | Noticed a phantom
   267 | D:5      | Noticed an ogre
   280 | D:5      | Found a staircase to the Ecumenical Temple.
   288 | Temple   | Entered the Ecumenical Temple
   584 | Temple   | Reached XP level 2. HP: 9/25 MP: 4/4
   988 | Temple   | Slain by a phantom

Illustrated notes

Levels and vault maps discovered:
D:5:      minmay_skewed_foursquare, layout_cave_pools,
          mainiacjoe_overflow_paths, nicolae_ru_the_path_less_chosen,
          nicolae_gozag_zags_fifth_avenue, minmay_temple_entry_glassed_door,
          grunt_ministairs_11, minmay_misc_feat_iff
Temple:   jpeg_temple_clearing

Skill      XL: |  1 |
---------------+----+-----
Polearms       | 2 |  2.0
Dodging        | 2 |  2.0
Fighting       | |  2.9
Stealth        | |  4.6

Action                   || total
-------------------------++-------
Melee: Spear             ||    27
Evoke: Wand              ||     1
  Use: Scroll            ||     3
       Potion            ||     1
 Stab: Sleeping          ||     1
Armor: Leather armour    ||     4
Dodge: Dodged            ||     9
